Map: Jagannatha LE

Players

Zoun - Winner!

  • Race: Protoss Protoss

MaxPax

  • Race: Protoss Protoss

Event: TSL 7

VOD

Have the link to the VOD?

Description

Time

  • Played on: June 13, 2021, 12:37 p.m.
  • Length: 10:25

All games in this series

Show
View Real Time Build Order
Export as new Build Order

Zoun Protoss - Winner!

Build Orders:  

Get SALT Encoding   

  12  0:00  Probe  
  13  0:12  Probe  
  14  0:17  Pylon  
  14  0:24  Probe (Chrono Boost)  
  15  0:36  Probe (Chrono Boost)  
  15  0:38  Gateway  
  16  0:44  Probe (Chrono Boost)  
  16  0:46  Assimilator  
  17  0:51  Probe  
  18  1:16  Probe  
  19  1:23  Zealot (Chrono Boost)  
  21  1:27  Cybernetics Core  
  21  1:39  Probe  
  22  1:42  Pylon  
  22  1:57  Pylon  
  22  2:01  Stalker (Chrono Boost)  
  24  2:08  Warp Gate  
  24  2:13  Probe  
  24  2:14  Shield Battery  
  25  2:21  Assimilator  
  25  2:29  Stalker  
  27  2:35  Pylon  
  27  2:41  Probe  
  28  2:53  Probe  
  29  2:59  Gateway, Stalker  
  31  3:15  Probe  
  31  3:19  Gateway  
  34  3:38  Pylon  
  32  3:41  Probe  
  32  3:45  Shield Battery  
  33  3:57  Stalker x2  
  37  4:06  Probe  
  37  4:07  Robotics Facility  
  38  4:12  Shield Battery  
  38  4:15  Stalker  
  40  4:21  Stalker  
  42  4:26  Pylon  
  41  4:35  Probe  
  40  4:47  Probe  
  40  4:51  Warp Prism (Chrono Boost)  
  43  5:00  Stalker  
  45  5:15  Stalker  
  47  5:32  Twilight Council  
  47  5:45  Nexus  
  47  5:51  Pylon  
  47  5:52  Observer  
  47  6:09  Probe  
  46  6:14  Sentry x2  
  50  6:20  Stalker  
  50  6:21  Probe  
  53  6:27  Pylon  
  53  6:28  Blink (Chrono Boost)  
  53  6:33  Probe  
  54  6:45  Probe  
  55  6:57  Shield Battery  
  55  7:01  Probe x2  
  57  7:06  Gateway  
  57  7:09  Templar Archives  
  57  7:13  Probe (Chrono Boost)  
  57  7:16  Probe (Chrono Boost)  
  57  7:17  Sentry  
  57  7:21  Stalker  
  61  7:26  Stalker  
  61  7:29  Probe x2 (Chrono Boost)  
  65  7:37  Probe  
  65  7:39  Probe, Pylon  
  65  7:41  Assimilator  
  66  7:46  Observer  
  67  7:51  Gateway  
  67  7:57  Probe  
  68  8:05  Charge (Chrono Boost)  
  68  8:07  Gateway  
  68  8:10  Assimilator  
  68  8:11  Gateway  
  68  8:14  Zealot  
  70  8:21  High Templar  
  70  8:26  Probe x2  
  74  8:29  Pylon  
  74  8:31  Assimilator  
  74  8:33  High Templar, Zealot  
  78  8:37  Archon  
  78  8:41  Pylon  
  78  8:48  Probe x2, Observer  
  79  8:58  Nexus  
  79  9:00  Probe x2, Pylon  
  81  9:12  High Templar x2  
  81  9:13  Zealot x2  
  89  9:17  Zealot  
  89  9:18  Archon  
  89  9:22  Zealot  
  93  9:27  Zealot  
  95  9:39  High Templar x2  
  95  9:40  Zealot  
  95  9:44  Zealot  
  95  9:45  Zealot x2  
  103  10:03  Zealot x2  
  95  10:07  Zealot x2  
  95  10:08  Zealot  
Show
View Real Time Build Order
Export as new Build Order

MaxPax Protoss 

Build Orders:  

Get SALT Encoding   

  12  0:00  Probe (Chrono Boost)  
  13  0:11  Probe (Chrono Boost)  
  14  0:15  Probe (Chrono Boost)  
  14  0:21  Pylon  
  15  0:39  Probe, Forge  
  16  0:58  Pylon  
  16  1:01  Pylon  
  16  1:02  Pylon  
  16  1:15  Pylon  
  16  1:18  Photon Cannon  
  16  1:25  Photon Cannon  
  16  1:30  Probe  
  17  1:35  Gateway  
  16  1:42  Probe  
  17  1:47  Pylon  
  17  1:49  Assimilator  
  18  1:54  Probe  
  18  2:03  Assimilator  
  18  2:06  Probe  
  19  2:18  Probe  
  19  2:21  Photon Cannon  
  20  2:24  Cybernetics Core  
  20  2:31  Zealot  
  20  2:36  Probe  
  24  2:59  Pylon  
  24  3:00  Adept (Chrono Boost)  
  24  3:02  Shield Battery  
  24  3:14  Shield Battery  
  24  3:18  Stargate  
  24  3:22  Stargate  
  24  3:30  Pylon  
  24  3:34  Adept  
  24  3:38  Probe  
  25  3:54  Robotics Facility  
  25  3:55  Probe  
  26  4:03  Oracle (Chrono Boost)  
  29  4:15  Pylon  
  29  4:21  Pylon  
  27  4:38  Immortal (Chrono Boost)  
  29  4:54  Shield Battery  
  29  4:58  Phoenix  
  31  5:10  Pylon  
  35  5:28  Immortal  
  35  5:36  Shield Battery  
  35  5:41  Phoenix  
  37  6:02  Pylon  
  37  6:12  Phoenix  
  39  6:21  Probe  
  40  6:26  Nexus  
  40  6:28  Observer (Chrono Boost)  
  41  6:46  Immortal (Chrono Boost)  
  41  6:47  Probe  
  46  6:52  Pylon  
  46  7:02  Probe  
  47  7:09  Warp Gate  
  47  7:11  Phoenix (Chrono Boost)  
  47  7:14  Probe  
  50  7:26  Probe  
  50  7:29  Phoenix (Chrono Boost)  
  52  7:38  Probe  
  52  7:39  Probe  
  54  7:50  Probe  
  54  7:51  Probe, Phoenix (Chrono Boost)  
  58  8:02  Probe  
  63  8:06  Probe  
  64  8:14  Probe, Phoenix  
  64  8:18  Probe  
  68  8:23  Twilight Council  
  68  8:24  Gateway  
  68  8:26  Probe  
  65  8:30  Probe, Assimilator  
  65  8:31  Assimilator  
  66  8:38  Probe  
  67  8:42  Probe  
  67  8:45  Pylon  
  67  8:48  Shield Battery  
  68  8:50  Probe  
  68  8:54  Probe  
  68  9:03  Probe  
  68  9:04  Templar Archives  
  68  9:06  Probe  
  71  9:19  Pylon  
  71  9:21  Gateway  
  71  9:23  Gateway  
  70  9:34  Nexus  
  70  9:43  Zealot  
  70  9:44  Shield Battery  
  72  9:50  Probe x2  
  72  9:51  Observer  
  69  10:02  Probe  
Tags
 
Add a new tag
Caveats
  • Supply blocks, unpowered buildings, or Contaminate may cause inaccurate times.
  • Supply counts are checked every 10 seconds.